MID
SOUTH BEND CUBS @ PEORIA CHIEFS
05/05/2044
 
TOP OF THE 1ST
South Bend Cubs batting - Pitching for Peoria Chiefs : RHP Matt Hamm
Pitching: RHP Matt Hamm
Batting: RHB Jason Ostrom 0-0: Called Strike
0-1: Ball
1-1: Called Strike
1-2: Strikes out swinging
Batting: LHB Bill Tardiff 0-0: Foul Ball, location: 2F
0-1: Swinging Strike
0-2: Ball
1-2: Strikes out swinging
Batting: RHB Mike Savage 0-0: Foul Ball, location: 2F
0-1: Foul Ball, location: 2F
0-2: Strikes out looking
Top of the 1st over - 0 runs, 0 hits, 0 errors, 0 left on base; South Bend 0 - Peoria 0
BOTTOM OF THE 1ST
Peoria Chiefs batting - Pitching for South Bend Cubs : LHP Jose Carrillo
Pitching: LHP Jose Carrillo
Batting: RHB Josh Martin 0-0: Ball
1-0: Called Strike
1-1: Ball
2-1: Called Strike
2-2: Ball
3-2: Base on Balls
Batting: RHB Dan Boykins 0-0: Ball
1-0: Called Strike
1-1: Called Strike
1-2: Ball
Pickoff Throw to First - Out! 1-3
2-2: SINGLE (Line Drive, 8RS, EV 104.4 MPH)
Batting: RHB Terry Baginski 0-0: Ball
1-0: Ball
2-0: Ball
3-0: Base on Balls
Dan Boykins to second
Batting: RHB Justin Reich 0-0: Ball
1-0: Ball
2-0: Foul Ball, location: 2F
2-1: Swinging Strike
2-2: Foul Ball, location: 2F
2-2: Foul Ball, location: 2F
2-2: SINGLE (Line Drive, 56D, EV 103.1 MPH)
Dan Boykins to third
Terry Baginski to second
Pitching: RHP Devin Ward
Batting: RHB Chris Simmons 0-0: Swinging Strike
0-1: Ball
1-1: DOUBLE (Flyball, 7LD, EV 90.6 MPH)
Dan Boykins scores
Terry Baginski scores
Justin Reich to third
Runner from 3rd tries for Home, SAFE, throw by LF to trailing runner, SAFE at third!
Batting: RHB Francisco Vargas 0-0: Ball
1-0: Ball
2-0: Called Strike
2-1: Ground out 4-3 (Groundball, 4, EV 105.0 MPH)
Chris Simmons scores
Batting: SHB Bobby O'Leary 0-0: Ball
1-0: Ball
2-0: SINGLE (Flyball, 6MD, EV 96.9 MPH)
Batting: LHB Ken Compton 0-0: Foul Ball, location: 2F
0-1: SINGLE (Line Drive, 6M, EV 102.5 MPH)
Bobby O'Leary to second
Runner from 2nd tries for 3rd, OUT! 8-5
Bottom of the 1st over - 4 runs, 5 hits, 0 errors, 1 left on base; South Bend 0 - Peoria 4
TOP OF THE 2ND
South Bend Cubs batting - Pitching for Peoria Chiefs : RHP Matt Hamm
Batting: LHB Shuan-yan Wu 0-0: Ball
1-0: Foul Ball, location: 2F
1-1: Foul Ball, location: 2F
1-2: Ball
2-2: Strikes out looking
Batting: SHB Benoît Morin 0-0: Called Strike
0-1: Ball
1-1: Called Strike
1-2: Strikes out swinging
Batting: LHB Andy Bordeaux 0-0: Called Strike
0-1: Foul Ball, location: 2F
0-2: Strikes out looking
Top of the 2nd over - 0 runs, 0 hits, 0 errors, 0 left on base; South Bend 0 - Peoria 4
BOTTOM OF THE 2ND
Peoria Chiefs batting - Pitching for South Bend Cubs : RHP Devin Ward
Batting: LHB Jayden Thomas 0-0: Swinging Strike
0-1: Ball
1-1: Called Strike
1-2: Ball
2-2: Foul Ball, location: 2F
2-2: Ball
3-2: Base on Balls
Pitching: RHP Daniel Sullivan
Batting: RHB Josh Martin 0-0: Ball
1-0: Ball
2-0: Ball
3-0: Base on Balls
Jayden Thomas to second
Batting: RHB Dan Boykins 0-0: Ball
1-0: Swinging Strike
1-1: Called Strike
1-2: Ball
2-2: Ball
3-2: 3-RUN HOME RUN (Flyball, 78XD, EV 96.2 MPH), Distance : 387 ft
Batting: RHB Terry Baginski 0-0: Called Strike
0-1: Foul Ball, location: 2F
0-2: Ball
1-2: SOLO HOME RUN (Flyball, 89XD, EV 100.6 MPH), Distance : 413 ft
Batting: RHB Justin Reich 0-0: Ball
1-0: Ball
2-0: Foul Ball, location: 2F
2-1: Ball
3-1: Base on Balls
Pitching: RHP Jason Scott
Batting: RHB Chris Simmons 0-0: Hit by Pitch
Justin Reich to second
Batting: RHB Francisco Vargas 0-0: Swinging Strike
0-1: Ball
1-1: Foul Ball, location: 2F
1-2: Strikes out swinging
Batting: SHB Bobby O'Leary 0-0: Foul Ball, location: 2F
0-1: Ball
1-1: DOUBLE (Line Drive, 89D, EV 106.2 MPH)
Justin Reich scores
Chris Simmons to third
Batting: LHB Ken Compton 0-0: Ball
1-0: Called Strike
1-1: TRIPLE (Line Drive, 89XD, EV 111.2 MPH)
Chris Simmons scores
Bobby O'Leary scores
Batting: LHB Jayden Thomas 0-0: Foul Ball, location: 2F
0-1: Foul Ball, location: 2F
0-2: Fly out, F4 (Flyball, 34D, EV 88.8 MPH)
Batting: RHB Josh Martin 0-0: Called Strike
0-1: Called Strike
0-2: Ball
1-2: Strikes out swinging
Bottom of the 2nd over - 7 runs, 4 hits, 0 errors, 1 left on base; South Bend 0 - Peoria 11
TOP OF THE 3RD
South Bend Cubs batting - Pitching for Peoria Chiefs : RHP Matt Hamm
Batting: LHB Jim Polson 0-0: SINGLE (Line Drive, 56, EV 108.1 MPH)
Batting: RHB Omar Novoa 0-0: Called Strike
0-1: Foul Ball, location: 2F
0-2: Strikes out swinging
Batting: SHB Alvaro Andrade 0-0: Called Strike
0-1: Swinging Strike
0-2: Ball
1-2: Strikes out swinging
Batting: RHB Jason Ostrom 0-0: Ball
1-0: Ball
2-0: Foul Ball, location: 2F
2-1: Ball
3-1: Base on Balls
Jim Polson to second
Batting: LHB Bill Tardiff 0-0: Foul Ball, location: 2F
0-1: Swinging Strike
0-2: Ball
1-2: Strikes out swinging
Top of the 3rd over - 0 runs, 1 hit, 0 errors, 2 left on base; South Bend 0 - Peoria 11
BOTTOM OF THE 3RD
Peoria Chiefs batting - Pitching for South Bend Cubs : RHP Jason Scott
Pitching: RHP Eric Allen
Batting: RHB Dan Boykins 0-0: Called Strike
0-1: Foul Ball, location: 2F
0-2: Ball
1-2: Ball
2-2: Foul Ball, location: 2F
2-2: Fly out, F8 (Flyball, 8RD, EV 96.9 MPH)
Batting: RHB Terry Baginski 0-0: Called Strike
0-1: Ball
1-1: Called Strike
1-2: Ball
2-2: Ball
3-2: DOUBLE (Line Drive, 9LS, EV 111.2 MPH)
Batting: RHB Justin Reich 0-0: Foul Ball, location: 2F
0-1: Swinging Strike
0-2: SINGLE (Line Drive, 89S, EV 91.9 MPH)
Terry Baginski to third
Batting: RHB Chris Simmons 0-0: Ball
1-0: Ball
2-0: Ball
3-0: Called Strike
3-1: Swinging Strike
3-2: Base on Balls
Justin Reich to second
Pitching: RHP Josh Deyo
Batting: RHB Francisco Vargas 0-0: Ball
1-0: SINGLE (Groundball, 34D, EV 95.0 MPH)
Terry Baginski scores
Justin Reich to third
Chris Simmons to second
Runner from 3rd tries for Home, throw by RF and OUT! 9-2
Batting: SHB Bobby O'Leary 0-0: Swinging Strike
0-1: Called Strike
0-2: Ball
1-2: Ball
2-2: Ball
3-2: Foul Ball, location: 2F
3-2: Foul Ball, location: 2F
3-2: Base on Balls
Chris Simmons to third
Francisco Vargas to second
Batting: LHB Ken Compton 0-0: Ball
1-0: Ball
2-0: Called Strike
2-1: Swinging Strike
2-2: Ball
3-2: Fly out, F5 (Popup, 5F, EV 55.6 MPH)
Bottom of the 3rd over - 1 run, 3 hits, 0 errors, 3 left on base; South Bend 0 - Peoria 12
TOP OF THE 4TH
South Bend Cubs batting - Pitching for Peoria Chiefs : RHP Matt Hamm
Batting: RHB Mike Savage 0-0: Called Strike
0-1: Ball
1-1: Foul Ball, location: 2F
1-2: Strikes out swinging
Batting: LHB Shuan-yan Wu 0-0: Ball
1-0: Ball
2-0: Foul Ball, location: 2F
2-1: Foul Ball, location: 2F
2-2: Strikes out looking
Batting: SHB Benoît Morin 0-0: Ball
1-0: Ball
2-0: Called Strike
2-1: Called Strike
2-2: Strikes out looking
Top of the 4th over - 0 runs, 0 hits, 0 errors, 0 left on base; South Bend 0 - Peoria 12
BOTTOM OF THE 4TH
Peoria Chiefs batting - Pitching for South Bend Cubs : RHP Josh Deyo
Batting: LHB Jayden Thomas 0-0: Ball
1-0: Foul Ball, location: 2F
1-1: Ball
2-1: Ball
3-1: Base on Balls
Pitching: RHP Jean-Paul Lefebvre
Batting: RHB Josh Martin 0-0: Ball
1-0: Called Strike
1-1: Ball
2-1: Foul Ball, location: 2F
2-2: Foul Ball, location: 2F
2-2: SINGLE (Line Drive, 8RS, EV 93.8 MPH)
Jayden Thomas to second
Batting: RHB Dan Boykins 0-0: Ball
1-0: Foul Ball, location: 2F
1-1: Ball
2-1: Fly out, F8 (Line Drive, 8LM, EV 94.4 MPH)
Batting: RHB Terry Baginski 0-0: Ball
1-0: Fielders Choice at 2nd, 3-6 (Groundball, 34, EV 86.2 MPH)
Jayden Thomas to third
Batting: RHB Justin Reich 0-0: Ball
1-0: Called Strike
1-1: Foul Ball, location: 2F
1-2: Ball
2-2: Ball
3-2: Foul Ball, location: 2F
3-2: Ground out 5-3 (Groundball, 5, EV 78.8 MPH)
Bottom of the 4th over - 0 runs, 1 hit, 0 errors, 2 left on base; South Bend 0 - Peoria 12
TOP OF THE 5TH
South Bend Cubs batting - Pitching for Peoria Chiefs : RHP Matt Hamm
Batting: LHB Andy Bordeaux 0-0: Called Strike
0-1: Ball
1-1: Ball
2-1: Ball
3-1: Base on Balls
Batting: LHB Jim Polson 0-0: Ball
1-0: Ball
Andy Bordeaux steals 2nd base
2-0: Called Strike
2-1: Swinging Strike
2-2: Foul Ball, location: 2F
2-2: Strikes out looking
Batting: RHB Omar Novoa 0-0: Ball
1-0: Foul Ball, location: 2F
1-1: Foul Ball, location: 2F
1-2: Ball
2-2: Foul Ball, location: 2F
2-2: Strikes out looking
Batting: SHB Alvaro Andrade 0-0: Ball
1-0: Called Strike
1-1: Ball
2-1: Ball
3-1: Foul Ball, location: 2F
3-2: Foul Ball, location: 2F
3-2: Strikes out swinging
Top of the 5th over - 0 runs, 0 hits, 0 errors, 1 left on base; South Bend 0 - Peoria 12
BOTTOM OF THE 5TH
Peoria Chiefs batting - Pitching for South Bend Cubs : RHP Jean-Paul Lefebvre
Pitching: LHP Nate George
Batting: RHB Chris Simmons 0-0: Ball
1-0: SINGLE (Groundball, 56D, EV 108.1 MPH)
Batting: RHB Francisco Vargas 0-0: Ball
1-0: Ball
2-0: Ball
3-0: Base on Balls
Chris Simmons to second
Batting: SHB Bobby O'Leary 0-0: Ball
1-0: Ball
2-0: Swinging Strike
2-1: Ball
3-1: DOUBLE (Line Drive, 9LD, EV 109.4 MPH)
Chris Simmons scores
Francisco Vargas to third
Batting: LHB Ken Compton 0-0: SINGLE (Groundball, 56, EV 108.1 MPH)
Francisco Vargas scores
Bobby O'Leary to third
Batting: LHB Jayden Thomas 0-0: Ball
1-0: SINGLE (Line Drive, 6MD, EV 98.8 MPH)
Bobby O'Leary scores
Ken Compton to second
Batting: RHB Josh Martin 0-0: Ball
1-0: Swinging Strike
1-1: SINGLE (Flyball, 89S, EV 90.0 MPH)
Ken Compton to third
Jayden Thomas to second
Runner from 3rd tries for Home, SAFE, throw by RF to home
Pitching: LHP Mike DiNardo
Batting: RHB Dan Boykins 0-0: SINGLE (Line Drive, 8RS, EV 94.4 MPH)
Jayden Thomas to third
Josh Martin to second
Batting: RHB Terry Baginski 0-0: Called Strike
0-1: Ball
1-1: Swinging Strike
1-2: Ball
2-2: Ground out 3-1 (Groundball, 34S, EV 69.4 MPH)
Jayden Thomas scores
Josh Martin to third
Dan Boykins to second
Batting: RHB Justin Reich 0-0: Ball
1-0: Swinging Strike
1-1: Ball
2-1: Foul Ball, location: 2F
2-2: Ball
3-2: Foul Ball, location: 2F
3-2: Fly out, F9 (Flyball, 89S, EV 80.6 MPH)
Batting: RHB Chris Simmons 0-0: Ball
1-0: 3-RUN HOME RUN (Flyball, 7D, EV 94.4 MPH), Distance : 359 ft
Batting: RHB Francisco Vargas 0-0: DOUBLE (Flyball, 8RXD, EV 98.8 MPH)
Batting: SHB Bobby O'Leary 0-0: Ball
1-0: Ball
2-0: Ball
3-0: Base on Balls
Pitching: RHP John Madden
Batting: LHB Ken Compton 0-0: Ball
Wild Pitch!
Francisco Vargas to third
Bobby O'Leary to second
1-0: Ball
2-0: Foul Ball, location: 2F
2-1: Reached on error, E4 (Groundball, 4, EV 98.1 MPH)
Francisco Vargas scores
Bobby O'Leary to third
Batting: LHB Jayden Thomas 0-0: Ball
1-0: Ball
2-0: Ball
3-0: Base on Balls
Ken Compton to second
Batting: RHB Josh Martin 0-0: Ball
1-0: Called Strike
1-1: Ball
2-1: Fielders Choice at 2nd, 5-4 (Groundball, 56, EV 90.6 MPH)
Bottom of the 5th over - 9 runs, 8 hits, 1 error, 3 left on base; South Bend 0 - Peoria 21
TOP OF THE 6TH
South Bend Cubs batting - Pitching for Peoria Chiefs : RHP Matt Hamm
Batting: RHB Jason Ostrom 0-0: Ball
1-0: Foul Ball, location: 2F
1-1: Foul Ball, location: 2F
1-2: Foul Ball, location: 2F
1-2: Ball
2-2: Strikes out swinging
Batting: LHB Bill Tardiff 0-0: Called Strike
0-1: Swinging Strike
0-2: Strikes out swinging
Batting: RHB Mike Savage 0-0: Ball
1-0: Ball
2-0: Ball
3-0: Called Strike
3-1: Fly out, F8 (Flyball, 8RD, EV 96.9 MPH)
Top of the 6th over - 0 runs, 0 hits, 0 errors, 0 left on base; South Bend 0 - Peoria 21
BOTTOM OF THE 6TH
Peoria Chiefs batting - Pitching for South Bend Cubs : RHP John Madden
Batting: RHB Dan Boykins 0-0: Swinging Strike
0-1: DOUBLE (Line Drive, 9LM, EV 96.2 MPH)
Batting: RHB Terry Baginski Balk!
Dan Boykins to third
0-0: Called Strike
0-1: SINGLE (Flyball, 9, EV 85.6 MPH)
Dan Boykins scores
Batting: RHB Justin Reich 0-0: Ball
1-0: Foul Ball, location: 2F
1-1: Ball
2-1: Ball
3-1: Base on Balls
Terry Baginski to second
Batting: RHB Chris Simmons 0-0: Swinging Strike
0-1: Swinging Strike
0-2: Fly out, F9 (Line Drive, 9, EV 88.8 MPH)
Batting: RHB Francisco Vargas 0-0: Ball
1-0: Called Strike
1-1: Fly out, F5 (Popup, 56S, EV 85.0 MPH)
Batting: SHB Bobby O'Leary 0-0: Ball
1-0: Foul Ball, location: 2F
1-1: Foul Ball, location: 2F
1-2: Foul Ball, location: 2F
1-2: Ball
2-2: Foul Ball, location: 2F
2-2: SINGLE (Line Drive, 7LM, EV 107.5 MPH)
Terry Baginski to third
Justin Reich to second
Throwing error, E7
Terry Baginski scores
Justin Reich to third
Bobby O'Leary to second
Batting: LHB Ken Compton 0-0: Ball
Wild Pitch!
Justin Reich scores
Bobby O'Leary to third
1-0: Ball
Wild Pitch!
Bobby O'Leary scores
2-0: Ball
3-0: Base on Balls
Batting: LHB Jayden Thomas 0-0: Ball
1-0: Fly out, F4 (Flyball, 34D, EV 94.4 MPH)
Bottom of the 6th over - 4 runs, 3 hits, 1 error, 1 left on base; South Bend 0 - Peoria 25
TOP OF THE 7TH
South Bend Cubs batting - Pitching for Peoria Chiefs : RHP Matt Hamm
Pitching: RHP Bryan Vandenburgh
Batting: LHB Shuan-yan Wu 0-0: Swinging Strike
0-1: Ball
1-1: Ball
2-1: Fly out, F4 (Line Drive, 4, EV 77.5 MPH)
Batting: SHB Benoît Morin 0-0: Ball
1-0: Ground out U3 (Groundball, 3L, EV 87.5 MPH)
Batting: LHB Andy Bordeaux 0-0: Called Strike
0-1: Reached on error, E4 (Groundball, 4, EV 80.0 MPH)
Batting: LHB Jim Polson 0-0: Ball
1-0: Ball
2-0: Fielders Choice at 2nd, 6-4 (Groundball, 6, EV 111.9 MPH)
Top of the 7th over - 0 runs, 0 hits, 1 error, 1 left on base; South Bend 0 - Peoria 25
BOTTOM OF THE 7TH
Peoria Chiefs batting - Pitching for South Bend Cubs : RHP John Madden
Batting: RHB Josh Martin 0-0: Ball
1-0: Fly out, F1 (Line Drive, P, EV 70.6 MPH)
Batting: RHB Dan Boykins 0-0: Called Strike
0-1: Ball
1-1: Foul Ball, location: 2F
1-2: Foul Ball, location: 2F
1-2: Strikes out swinging
Batting: RHB Terry Baginski 0-0: Called Strike
0-1: Ball
1-1: Ball
2-1: Ball
3-1: Called Strike
3-2: Foul Ball, location: 2F
3-2: Ground out 6-3 (Groundball, 6, EV 89.4 MPH)
Bottom of the 7th over - 0 runs, 0 hits, 0 errors, 0 left on base; South Bend 0 - Peoria 25
TOP OF THE 8TH
South Bend Cubs batting - Pitching for Peoria Chiefs : RHP Bryan Vandenburgh
Batting: RHB Omar Novoa 0-0: Called Strike
0-1: Foul Ball, location: 2F
0-2: Strikes out swinging
Batting: SHB Alvaro Andrade 0-0: Ball
1-0: Called Strike
1-1: Foul Ball, location: 2F
1-2: Ball
2-2: Ball
3-2: Strikes out looking
Batting: RHB Jason Ostrom 0-0: Called Strike
0-1: Ball
1-1: Swinging Strike
1-2: SINGLE (Line Drive, 8RS, EV 86.9 MPH)
Pitching: LHP Luis Herrera
Batting: LHB Bill Tardiff 0-0: Called Strike
0-1: Ball
1-1: Called Strike
1-2: Strikes out looking
Top of the 8th over - 0 runs, 1 hit, 0 errors, 1 left on base; South Bend 0 - Peoria 25
BOTTOM OF THE 8TH
Peoria Chiefs batting - Pitching for South Bend Cubs : RHP John Madden
Batting: RHB Justin Reich 0-0: Ball
1-0: Called Strike
1-1: Called Strike
1-2: Foul Ball, location: 2F
1-2: Ball
2-2: Ball
3-2: SINGLE (Groundball, 34, EV 97.5 MPH)
Batting: RHB Chris Simmons 0-0: Called Strike
0-1: Ball
1-1: Ball
2-1: Ball
3-1: Base on Balls
Justin Reich to second
Batting: RHB Francisco Vargas 0-0: Ball
1-0: Called Strike
1-1: Called Strike
1-2: DOUBLE (Line Drive, 89D, EV 103.1 MPH)
Justin Reich scores
Chris Simmons to third
Batting: SHB Bobby O'Leary 0-0: Foul Ball, location: 2F
0-1: Ball
1-1: Ball
2-1: Ground out U3 (Groundball, 3, EV 100.6 MPH)
Batting: LHB Ken Compton 0-0: Called Strike
0-1: Ball
1-1: Ball
2-1: Fly out, F5 (Line Drive, 5, EV 70.0 MPH)
Batting: LHB Jayden Thomas 0-0: Swinging Strike
0-1: Ball
1-1: Ball
Wild Pitch!
Chris Simmons scores
Francisco Vargas to third
2-1: Foul Ball, location: 2F
2-2: Foul Ball, location: 2F
2-2: Ball
3-2: Base on Balls
Batting: RHB Josh Martin 0-0: Ball
1-0: Fielders Choice at 2nd, 6-4 (Groundball, 6, EV 85.6 MPH)
Bottom of the 8th over - 2 runs, 2 hits, 0 errors, 2 left on base; South Bend 0 - Peoria 27
TOP OF THE 9TH
South Bend Cubs batting - Pitching for Peoria Chiefs : LHP Luis Herrera
Batting: RHB Mike Savage 0-0: Called Strike
0-1: Ball
1-1: Called Strike
1-2: Strikes out swinging
Batting: LHB Shuan-yan Wu 0-0: Ball
1-0: Swinging Strike
1-1: Ground out 4-3 (Groundball, 4MD, EV 83.8 MPH)
Batting: SHB Benoît Morin 0-0: Foul Ball, location: 2F
0-1: Foul Ball, location: 2F
0-2: Ball
1-2: Strikes out swinging, 2-3 out at first.
Top of the 9th over - 0 runs, 0 hits, 0 errors, 0 left on base; South Bend 0 - Peoria 27
Thursday, March 31st , 2022 - OOTP Baseball 22.12 Build 89